 Dungeon Crawl Stone Soup version 0.17-a0-1920-gafa4d75 (webtiles) character file.

20733 4thArraOfDagon the Grappler (level 12, -8/118 HPs)
             Began as a Troll Monk on Sept 27, 2015.
             Was a High Priest of Cheibriados.
             Mangled by Rupert
             ... wielding a +3 battleaxe of flaming
              (46 damage)
             ... while paralysed by Rupert
             ... on level 2 of the Orcish Mines.
             The game lasted 00:24:38 (4679 turns).

4thArraOfDagon the Grappler (Troll Monk)            Turns: 4679, Time: 00:24:38

Health: -8/118     AC:  6    Str: 31    XL:     12   Next: 48%
Magic:  17/17      EV:  1    Int: 21    God:    Cheibriados [*****.]
Gold:   770        SH:  0    Dex: 23    Spells: 0 memorised, 11 levels left

rFire  x . .     SeeInvis +       - Unarmed
rCold  . . .     Clarity  .     D - +1 robe of Mixy {*Drain rC- rN+++ Slay+3}
rNeg   + + +     SustAt   .     (no shield)
rPois  .         Gourm    +     (helmet restricted)
rElec  .         Spirit   .     (no cloak)
rCorr  .         Warding  .     (gloves unavailable)
rMut   .         Stasis   .     (boots unavailable)
MR     .....                    (no amulet)
Stlth  +++.......               B - -2 ring of strength (curse)
                                N - ring of ice

@: paralysed, very slow, not resistant to hostile enchantments, fairly stealthy
A: unfitting armour, claws 3, horns 2, camouflage 1, see invisible, fast
metabolism 3, gourmand, regeneration 2, shaggy fur 1, tough skin 2
a: Bend Time, Temporal Distortion, Slouch, Step From Time, Renounce Religion


You were on level 2 of the Orcish Mines.
You worshipped Cheibriados.
Cheibriados was extremely pleased with you.
You were very full.

You visited 3 branches of the dungeon, and saw 18 of its levels.
You also visited: Ossuary.

You collected 770 gold pieces.

Inventory:

Hand weapons
 q - a +2 scimitar of flaming
 I - a +0 blowgun
Armour
 D - the +1 robe of Mixy (worn) {*Drain rC- rN+++ Slay+3}
   (You found it on level 9 of the Dungeon)

   It affects your accuracy and damage with ranged weapons and melee attacks
   (+3).
   It makes you vulnerable to cold.
   It renders you almost immune to negative energy.
   It causes draining when unequipped.
Jewellery
 z - an uncursed ring of wizardry
 B - a cursed -2 ring of strength (right claw)
 N - a ring of ice (left claw)
Magical devices
 a - a wand of slowing (29)
 x - a wand of fireball (3)
 E - a wand of magic darts (11)
 G - a wand of fireball (11)
 O - a wand of digging (16)
Scrolls
 d - a scroll of vulnerability {unknown}
 e - 2 scrolls of remove curse {unknown}
 m - a scroll of noise {unknown}
 s - 2 scrolls of fog {unknown}
 u - a scroll of random uselessness {unknown}
 v - a scroll of enchant weapon {unknown}
 w - 2 scrolls of teleportation {unknown}
 y - a scroll of immolation {unknown}
 A - 2 scrolls of summoning {unknown}
 C - a scroll of blinking {unknown}
 F - a scroll of recharging {unknown}
 J - 2 scrolls of fear {unknown}
 P - a scroll of acquirement {unknown}
Potions
 f - a potion of curing
 g - 2 potions of cure mutation
 i - 3 potions of flight {unknown}
 j - 3 potions of brilliance {unknown}
 k - 3 potions of ambrosia
 l - 2 potions of berserk rage {unknown}
 n - 2 potions of heal wounds {unknown}
 p - 2 potions of invisibility
 r - a potion of resistance
 t - a potion of lignification
 L - 3 potions of poison
Miscellaneous
 K - a lamp of fire
Comestibles
 b - 13 bread rations
 c - 2 meat rations
 h - 15 fruits
 H - 2 beef jerkies
 M - 10 royal jellies


   Skills:
 + Level 7.4 Fighting
 + Level 7.9 Dodging
 - Level 1.1 Stealth
 * Level 13.0 Unarmed Combat
 - Level 8.4 Invocations
 * Level 5.3 Evocations


You had 11 spell levels left.
You didn't know any spells.

Dungeon Overview and Level Annotations

Branches:
Dungeon (15/15)            Temple (1/1) D:6             Orc (2/4) D:10
   Lair: D:8-11      Vaults: D:13-14     Depths: D:15

Altars:
Ashenzari
Cheibriados
Dithmenos
Elyvilon
Gozag
Kikubaaqudgha
Makhleb
Nemelex Xobeh
Okawaru
Qazlal
Ru
Sif Muna
Trog
Vehumet
Xom
Yredelemnul
Zin
The Shining One

Shops:
D:8 }   Orc:2 %

Annotations:
D:5 Pikel
D:10 Snorg
D:11 Maud
D:14 Louise
D:15 Josephine
Orc:2 Rupert


Innate Abilities, Weirdness & Mutations

You are too large for most types of armour.
You have claws for hands.
Your metabolism is lightning-fast.
You like to eat raw meat.
You heal very quickly.
You are covered in fur (AC +1).
You have very tough skin (AC +2).
You have a pair of horns on your head.
Your skin changes colour to match your surroundings (Stealth).
You have supernaturally acute eyesight.


Message History

The orc wizard hits you but does no damage.
The orc hits you with a club. The orc hits you with a mace.
Rupert roars madly and goes into a rage!
Rupert goes berserk!
The orc wizard hits you but does no damage.
The orc hits you but does no damage. x2
The orc wizard hits you with a dagger. The orc hits you but does no damage.
The orc wizard hits you but does no damage.
The orc hits you with a mace. The orc hits you with a hand axe.
The orc wizard hits you but does no damage.
The orc hits you with a flail.
Rupert hits you with a battleaxe of flaming!!!
Rupert burns you!
The orc wizard hits you but does no damage.
The orc hits you but does no damage.
You hear a shout! x3
The orc hits you with a mace.
Rupert hits you with a battleaxe of flaming!!!
You die...

......# .. ....
#### ......#
##...#.#.....
#.........$#.
##............
#....o@.......
#.o@o.$....
#..#ooo.....o
... .....⌠.⌠..#
. ........∩...#
.........⌠.⌠.##
#.....$.......#
#..............
...............


You could see Rupert (berserk), an orc sorcerer, 2 orc wizards and 4 orcs.

Vanquished Creatures
  Agnes (D:14)
  Nessos (D:14)
  Azrael (D:14)
  A hydra (D:11)
  A centaur warrior (D:13)
  4 hill giants
  An unseen horror (D:14)
  A manticore (D:13)
  Joseph (D:10)
  2 kobold demonologists
  2 two-headed ogres
  A shadow (D:13)
  A slime creature (D:12)
  A boulder beetle (D:13)
  2 wraiths (D:14)
  A vampire (D:14)
  2 wyverns
  4 fire elementals (D:14)
  2 deep elf magi (D:13)
  4 hippogriffs
  A trapdoor spider (D:12)
  4 vampire mosquitoes
  3 hell hounds (D:14)
  21 yaks
  2 black bears
  A slave (D:4)
  A water moccasin (D:9)
  2 ice beasts (D:6)
  A phantom (D:13)
  3 boggarts
  6 orc warriors
  3 sky beasts
  3 ogres
  A big kobold (D:9)
  5 giant frogs
  A water moccasin zombie (Ossuary)
  A wyvern skeleton (D:13)
  10 wights
  7 killer bees
  A giant frog zombie (D:12)
  5 crimson imps
  A quasit (D:13)
  2 centaur zombies
  7 orc priests
  A wasp zombie (D:10)
  A giant frog skeleton (D:6)
  3 centaur skeletons
  10 orc wizards
  4 hounds
  6 jellies
  5 worker ants
  5 iguanas
  A killer bee zombie (D:11)
  3 big kobold zombies (Ossuary)
  2 mummies (Ossuary)
  A worker ant zombie (D:6)
  8 gnolls
  7 adders
  3 shadow imps
  7 oozes
  8 adder zombies (Ossuary)
  2 worms
  44 orcs
  2 hobgoblins (D:3)
  10 jackals
  10 kobolds
  2 quokkas
  2 ball pythons
  3 bats
  A giant cockroach (D:5)
  2 giant gecko zombies (D:5)
  A giant newt (D:3)
  A gnoll zombie (Ossuary)
  A goblin (D:3)
  8 hobgoblin zombies (Ossuary)
  3 kobold zombies (Ossuary)
  7 orc zombies (Ossuary)
300 creatures vanquished.

Vanquished Creatures (others)
  A wyvern zombie (D:14)
1 creature vanquished.

Grand Total: 301 creatures vanquished

Notes
Turn   | Place    | Note
--------------------------------------------------------------
     0 | D:1      | 4thArraOfDagon the Troll Monk began the quest for the Orb.
     0 | D:1      | Reached XP level 1. HP: 22/22 MP: 0/0
   127 | D:2      | Found a glowing golden altar of the Shining One.
   137 | D:2      | Reached XP level 2. HP: 27/29 MP: 1/1
   265 | D:5      | Entered Level 5 of the Dungeon
   265 | D:5      | Noticed a slave
   267 | D:5      | Noticed Pikel
   267 | D:5      | Noticed a slave
   310 | D:4      | Killed a slave
   350 | D:5      | Noticed an ogre
   351 | D:5      | Noticed an ice beast
   416 | D:5      | Noticed a slave
   432 | D:6      | Reached skill level 5 in Unarmed Combat
   432 | D:6      | Reached XP level 3. HP: 33/36 MP: 2/2
   521 | D:7      | Noticed a scorpion
   532 | D:7      | Reached XP level 4. HP: 44/44 MP: 3/3
   555 | D:6      | Noticed a giant frog
   560 | D:6      | Killed a giant frog
   560 | D:6      | Reached XP level 5. HP: 50/50 MP: 4/4
   605 | D:6      | Reached skill level 6 in Unarmed Combat
   628 | D:6      | Found a staircase to the Ecumenical Temple.
   637 | Temple   | Entered the Ecumenical Temple
   644 | Temple   | Became a worshipper of Cheibriados the Contemplative
   644 | Temple   | Acquired Cheibriados's first power
   655 | D:6      | Noticed a giant frog
   662 | D:6      | Killed a giant frog
   662 | D:6      | Reached skill level 1 in Invocations
   667 | D:5      | Reached XP level 6. HP: 59/59 MP: 5/5
   681 | D:5      | Killed an ogre
   699 | D:4      | Found a sand-covered staircase.
   717 | Ossuary  | Entered an ossuary
   827 | Ossuary  | Reached XP level 7. HP: 65/67 MP: 7/7
   898 | Ossuary  | Acquired Cheibriados's second power
  1010 | D:3      | Found a burning altar of Makhleb.
  1300 | D:4      | Found a shattered altar of Ashenzari.
  1392 | D:5      | Reached skill level 7 in Unarmed Combat
  1464 | D:5      | Acquired Cheibriados's third power
  1534 | D:6      | Noticed an ice beast
  1544 | D:6      | Killed an ice beast
  1550 | D:6      | Noticed a black bear
  1553 | D:6      | Killed a black bear
  1605 | D:6      | Noticed an orc warrior
  1612 | D:6      | Reached XP level 8. HP: 78/78 MP: 9/9
  1616 | D:6      | Noticed a giant frog
  1622 | D:6      | Noticed an ice beast
  1623 | D:6      | Killed an orc warrior
  1634 | D:6      | Killed a giant frog
  1639 | D:6      | Killed an ice beast
  1666 | D:6      | Noticed a wight
  1669 | D:6      | Killed a wight
  1748 | D:6      | Reached skill level 8 in Unarmed Combat
  1935 | D:9      | Got a twisted robe
  1946 | D:9      | Identified the +1 robe of Mixy {*Drain rC- rN+++ Slay+3} (You found it on level 9 of the Dungeon)
  1955 | D:8      | Noticed an ogre
  1955 | D:8      | Noticed a two-headed ogre
  1962 | D:8      | Killed an ogre
  2099 | D:8      | Found Vuotiynkamou's Gadget Shop.
  2145 | D:8      | Killed a two-headed ogre
  2145 | D:8      | Reached skill level 5 in Invocations
  2155 | D:8      | Reached XP level 9. HP: 53/85 MP: 11/11
  2175 | D:8      | Acquired Cheibriados's fourth power
  2277 | D:9      | Reached skill level 5 in Dodging
  2280 | D:9      | Reached skill level 9 in Unarmed Combat
  2415 | D:9      | Identified the Almanac of Combat Magic and the Birds (You found it on level 9 of the Dungeon)
  2448 | D:9      | Noticed a hill giant
  2456 | D:9      | Killed a hill giant
  2530 | D:9      | Reached skill level 5 in Fighting
  2591 | D:10     | Entered Level 10 of the Dungeon
  2593 | D:10     | Reached skill level 10 in Unarmed Combat
  2593 | D:10     | Reached XP level 10. HP: 85/96 MP: 14/14
  2610 | D:10     | Found a radiant altar of Vehumet.
  2764 | D:10     | Noticed Snorg
  2774 | D:10     | Noticed Joseph
  2779 | D:10     | Killed Joseph
  2879 | D:11     | Noticed Maud
  3076 | D:13     | Noticed a centaur warrior
  3084 | D:13     | Killed a centaur warrior
  3084 | D:13     | Reached skill level 11 in Unarmed Combat
  3121 | D:12     | Gained mutation: You have a pair of small antennae on your head. [mutagenic meat]
  3122 | D:12     | Lost mutation: You have a pair of small antennae on your head. [mutagenic meat]
  3226 | D:12     | Reached skill level 1 in Evocations
  3226 | D:12     | Reached XP level 11. HP: 76/105 MP: 16/16
  3288 | D:11     | Noticed an eight-headed hydra
  3314 | D:11     | Killed an eight-headed hydra
  3672 | D:14     | Noticed a soul eater
  3680 | D:14     | Noticed Azrael
  3689 | D:14     | Killed Azrael
  3701 | D:14     | Reached skill level 12 in Unarmed Combat
  3768 | D:14     | Noticed Louise
  3791 | D:14     | Killed an unseen horror
  3798 | D:14     | Noticed Agnes
  3802 | D:14     | Killed Agnes
  3827 | D:13     | Reached XP level 12. HP: 110/115 MP: 6/17
  3880 | D:13     | Noticed a hill giant
  3888 | D:13     | Killed a hill giant
  3961 | D:15     | Entered Level 15 of the Dungeon
  4047 | D:14     | Noticed Nessos
  4055 | D:14     | Killed Nessos
  4095 | D:14     | Noticed a hill giant
  4108 | D:14     | Killed a hill giant
  4126 | D:15     | Noticed Josephine
  4342 | D:13     | Reached skill level 5 in Evocations
  4352 | D:13     | Gained mutation: Your skin changes colour to match your surroundings (Stealth). [mutagenic meat]
  4353 | D:13     | Gained mutation: You have a pair of small horns on your head. [mutagenic meat]
  4355 | D:13     | Gained mutation: You have a pair of horns on your head. [mutagenic meat]
  4356 | D:13     | Gained mutation: You have supernaturally acute eyesight. [mutagenic meat]
  4394 | D:13     | Noticed a manticore
  4403 | D:13     | Killed a manticore
  4419 | D:13     | Noticed a white ugly thing
  4516 | D:10     | Noticed a hill giant
  4523 | D:10     | Killed a hill giant
  4577 | D:10     | Reached skill level 13 in Unarmed Combat
  4625 | D:10     | Found a staircase to the Orcish Mines.
  4655 | Orc:1    | Entered Level 1 of the Orcish Mines
  4666 | Orc:2    | Found Guleixe's Food Shoppe.
  4670 | Orc:2    | Noticed Rupert
  4674 | Orc:2    | Paralysed by Rupert for 5 turns
  4679 | Orc:2    | Mangled by Rupert

Vault maps used:
D:1:      dpeg_arrival_castle
D:2:      tso_oasis_becter, fedhas_altar_1, uniq_terence
D:3:      makhleb_heckhound_becter, first_bread
D:4:      kennysheep_little_box, nicolae_ossuary_entry_monument
D:5:      serial_shops, kennysheep_mini, uniq_pikel
D:6:      minmay_temple_entry_overgrown, nicolae_water_bricks,
          hangedman_minor_gate_pass
D:8:      serial_shops, nicolae_shop_stone
D:10:     erik_lair_dragon, hiddenorc1_lemuel, basic_altar, uniq_snorg,
          uniq_joseph
D:11:     uniq_maud
D:12:     hangedman_little_slice_of_home
D:13:     minmay_blocking_statues
D:14:     lightli_vaults_fourway_checkpoint, lemuel_blue_sif_altar, uniq_nessos,
          uniq_louise, uniq_agnes, uniq_azrael, uniq_kirke
D:15:     grunt_enter_depths_giant_problem, hangedman_decor_growths,
          serial_glass, glass_columns_c, glass_columns_b,
          hangedman_corner_corridor, uniq_josephine
Temple:   nicolae_temple_no_exploring_needed
Orc:1:    basic_altar
Orc:2:    serial_shops, shop_fountains, uniq_rupert
Ossuary:  ossuary_tomb_2

Action                   |  1- 3 |  4- 6 |  7- 9 | 10-12 || total
-------------------------+-------+-------+-------+-------++-------
Melee: Unarmed           |    58 |    79 |   282 |   364 ||   783
Invok: Temporal Distorti |       |       |     1 |       ||     1
       Slouch            |       |       |       |    11 ||    11
Evoke: Wand              |       |       |     3 |       ||     3
       Lamp of fire      |       |       |       |     1 ||     1
  Use: Scroll            |       |     1 |       |     8 ||     9
       Potion            |       |       |       |     5 ||     5
 Stab: Sleeping          |       |       |     3 |     6 ||     9
       Distracted        |       |       |       |     1 ||     1
  Eat: Chunk             |     9 |     3 |    11 |    22 ||    45
